 Dungeon Crawl Stone Soup version 0.28-a0-1213-g0243856f03 (webtiles) character file.

Game seed: 16597487134654537722

28 avis the Insei (level 3, -3/29 HPs)
             Began as a Draconian Transmuter on Dec 22, 2021.
             Slain by Terence (12 damage)
             ... on level 2 of the Dungeon.
             The game lasted 00:04:39 (1255 turns).

avis the Insei (Draconian Transmuter)               Turns: 1255, Time: 00:04:41

Health: -3/29      AC:  5    Str: 12    XL:     3   Next: 0%
Magic:  2/6        EV: 12    Int: 13    God:
Gold:   65         SH:  0    Dex: 13    Spells: 2/6 levels left

rFire   . . .      SeeInvis .     - Unarmed
rCold   . . .      Faith    .   (no shield)
rNeg    . . .      Spirit   .   (armour unavailable)
rPois   .          Reflect  .   (helmet restricted)
rElec   .          Harm     .   (no cloak)
rCorr   .          Rampage  .   (no gloves)
Will    .....                   (no boots)
Stlth   +.........              (no amulet)
HPRegen 0.09/turn               (no ring)
MPRegen 0.10/turn               (no ring)

@: very slightly contaminated
A: AC +5, unfitting armour, cold-blooded
a: no special abilities


You were on level 2 of the Dungeon.
You visited 1 branch of the dungeon, and saw 2 of its levels.

You collected 65 gold pieces.

Inventory:

Hand Weapons
 f - a +2 hand axe of venom
Missiles
 e - 21 stones
 h - 14 bolts
Jewellery
 c - a ring of resist corrosion
Scrolls
 a - a scroll of silence {unknown}
Potions
 b - a potion of flight {unknown}
 d - a potion of lignification {unknown}
 g - a potion of haste {unknown}


   Skills:
 - Level 2.0 Fighting
 - Level 1.7 Dodging
 * Level 3.9 Unarmed Combat
 - Level 2.0 Spellcasting
 - Level 2.0 Transmutations


You had 2 spell levels left.
You knew the following spells:

 Your Spells              Type           Power      Damage    Failure   Level
a - Beastly Appendage     Tmut           12%        N/A       11%         1
p - Spider Form           Tmut/Pois      3%         N/A       45%         3

Your spell library contained the following spells:

 Spells                   Type           Power      Damage    Failure   Level
 Wereblood                Tmut           6%         N/A       17%         2
 Ignite Poison            Fire/Tmut/Pois 3%         N/A       52%         3
 Mephitic Cloud           Conj/Pois/Air  1%         N/A       58%         3
 Ice Form                 Ice/Tmut       3%         N/A       86%         4
 Freezing Cloud           Conj/Ice/Air   0%         6-21      100%        5


Dungeon Overview and Level Annotations

Branches:
Dungeon (2/15)

Altars:

Annotations:
D:2 Terence


Innate Abilities, Weirdness & Mutations

Your plain brown scales are hard. (AC +5)
You cannot fit into any form of body armour.
You are cold-blooded and may be slowed by cold attacks.


Message History

Adjust to which letter? p - Spider Form Your transformation is almost over.
Your magical contamination has completely faded away.
You slide downwards.
The hatch slams shut behind you.
Terence shouts!
Casting: Beastly Appendage (safe; 11% risk of failure)
Confirm with . or Enter, or press ? or * to list all spells.
The spell is extremely dangerous to miscast (45% risk of failure)!
Continue anyway?
You miscast Spider Form.
You are very lightly contaminated with residual magic.
Strange energies run through your body.
Casting: Spider Form (extremely dangerous; 45% risk of failure)
Confirm with . or Enter, or press ? or * to list all spells.
You don't know that spell.
Casting: Spider Form (extremely dangerous; 45% risk of failure)
Confirm with . or Enter, or press ? or * to list all spells.
Okay, then.
A rat comes into view.
You hit Terence.
Terence is lightly wounded.
Terence hits you with a +3 mace.
You closely miss Terence.
Terence is lightly wounded.
Terence hits you with a +3 mace!
You hit Terence. Your kick misses Terence.
You headbutt Terence, but do no damage.
Your tail-slap misses Terence.
Terence is moderately wounded.
A rat comes into view.
Terence hits you with a +3 mace. The rat bites you but does no damage.
You hit Terence but do no damage.
Terence is moderately wounded.
Terence hits you with a +3 mace. The rat bites you.
You hit Terence but do no damage.
You tail-slap Terence, but do no damage.
Terence is moderately wounded.
Your horns disappear.
Your talons disappear.
Terence says, "Don't bother to defend, it's senseless."
Terence hits you with a +3 mace!
You die...

# .# .# ####.#####
......... #.....r..
... #@@..# #.#
#r...# #.# #....#
#.# .....# ##.##
...#... ##...##
....###.###.....###
#...# .##.........
###.# ###.<...#.#
#....##


You could see Terence and 2 rats.

Vanquished Creatures
  2 dart slugs (D:1)
  2 endoplasms (D:1)
  A hobgoblin (D:1)
  6 jackals (D:1)
  A quokka (D:1)
  4 ball pythons
  2 bats (D:1)
  A goblin (D:1)
  4 rats (D:1)
23 creatures vanquished.

Notes
Turn   | Place    | Note
-------+----------+-------------------------------------------
     0 | D:1      | avis the Draconian Transmuter began the quest for the Orb.
     0 | D:1      | Reached XP level 1. HP: 16/16 MP: 3/3
   236 | D:1      | Reached XP level 2. HP: 23/24 MP: 3/5
  1157 | D:2      | Reached XP level 3. HP: 26/29 MP: 4/6
  1247 | D:1      | Learned a level 3 spell: Spider Form
  1248 | D:2      | Noticed Terence
  1255 | D:2      | Slain by Terence

Illustrated notes

Levels and vault maps discovered:
D:1:      wheals_arrival_shading, layout_loops_ring
D:2:      layout_loops_ring, uniq_terence, uniq_sigmund

Skill      XL: |  1 |
---------------+----+-----
Fighting       | 2 |  2.0
Dodging        | |  1.7
Unarmed Combat | |  3.9
Spellcasting   | |  2.0
Transmutations | |  2.0

Action                   || total
-------------------------++-------
Melee: Unarmed           ||    70
       Tailslap          ||     5
       Kick              ||     8
       Headbutt          ||     6
       Punch             ||     1
 Cast: Beastly Appendage ||    15
Armor: Skin              ||    19
Dodge: Dodged            ||    38

Table legend: (Time is in decaauts)
 A = Elapsed time spent in this place.
 B = Non-inter-level travel time spent in this place.
 C = Inter-level travel time spent in this place.
 D = Time resting spent in this place.
 E = Time spent auto-exploring this place.
 F = Levels seen in this place.
 G = Mean time per level.
                   A        B        C        D        E       F      G
               +--------+--------+--------+--------+--------+-----+--------+
         Total |   1252 |   1138 |    114 |    273 |    661 |   2 |  626.0 |
       Dungeon |   1252 |   1138 |    114 |    273 |    661 |   2 |  626.0 |
               +--------+--------+--------+--------+--------+-----+--------+

Top non-repeatable levels by time:
     D:1: 1167 daAuts
     D:2: 85 daAuts
